 Dungeon Crawl Stone Soup version 0.29.1-1-gd02db6906a (webtiles) character file.

Game seed: 8294825272065408420

2755 LabCoat the Fighter (level 9, -4/123 HPs)
             Began as a Hill Orc Fighter on Oct 6, 2022.
             Was a Follower of Trog.
             Collided with a rock wall (15 damage)
             ... caused by Erica
             ... on level 8 of the Dungeon.
             The game lasted 00:18:55 (6918 turns).

LabCoat the Fighter (Hill Orc Fighter)              Turns: 6918, Time: 00:18:55

Health: -4/123     AC: 18    Str: 23    XL:     9   Next: 69%
Magic:  9/9        EV:  8    Int:  6    God:    Trog [*.....]
Gold:   329        SH:  5    Dex: 10    Spells: 8/8 levels left

rFire   . . .      SeeInvis .   a - +0 war axe (chaos)
rCold   . . .      Faith    .   c - +0 buckler
rNeg    . . .      Spirit   .   j - +0 chain mail
rPois   +          Reflect  .   f - +2 helmet "Volasapt" {Rampage +Blink Int-2}
rElec   .          Harm     .   h - +1 cloak
rCorr   .          Rampage  +   (no gloves)
Will    +....                   g - +1 pair of boots
Stlth   ..........              (no amulet)
HPRegen 0.30/turn               e - ring of poison resistance
MPRegen 0.11/turn               k - ring of willpower

@: berserking, very quick
A: no striking features
a: Renounce Religion, Evoke Blink, Berserk


You were on level 8 of the Dungeon.
You worshipped Trog.
Trog was aware of your devotion.
You visited 2 branches of the dungeon, and saw 9 of its levels.
You also visited: Ossuary.

You collected 329 gold pieces.

Inventory:

Hand Weapons
 a - a +0 war axe of chaos (weapon)
Missiles
 b - 4 throwing nets
 m - 5 curare-tipped darts (quivered)
 u - 5 silver javelins
Armour
 c - a +0 buckler (worn)
 f - the +2 helmet "Volasapt" (worn) {Rampage +Blink Int-2}
   (You acquired it on level 1 of the Dungeon)

   Int:       It affects your intelligence (-2).
   +Blink:    It lets you blink.
   Rampage:   It bestows one free step when moving towards enemies.
 g - a +1 pair of boots (worn)
 h - a +1 cloak (worn)
 j - a +0 chain mail (worn)
 l - a scarf of harm
Jewellery
 e - a ring of poison resistance (left hand)
 k - a ring of willpower (right hand)
 D - a ring of protection from fire
 E - the ring of Kotesuczaf {rF+ Str-4 Dex+5 SInv}
   (You found it on level 7 of the Dungeon)

   [ring of protection from fire]

   Str:       It affects your strength (-4).
   Dex:       It affects your dexterity (+5).
   rF:        It protects you from fire.
   SInv:      It lets you see invisible.
Wands
 q - a wand of quicksilver (6)
 F - a wand of paralysis (7)
Scrolls
 p - 5 scrolls of teleportation
 s - a scroll of butterflies {unknown}
 t - 3 scrolls of fear
 x - a scroll of enchant armour
 y - 2 scrolls of torment {unknown}
 A - a scroll of brand weapon
Potions
 d - a potion of might
 i - 4 potions of haste
 n - 7 potions of curing
 o - a potion of cancellation {unknown}
 r - a potion of ambrosia {unknown}
 w - 3 potions of heal wounds
 z - 2 potions of lignification {unknown}
 B - a potion of attraction {unknown}
 C - a potion of resistance {unknown}


   Skills:
 * Level 8.6 Fighting
 + Level 6.8 Axes
 + Level 3.5 Throwing
 * Level 7.4 Armour
 + Level 2.3 Dodging
 + Level 5.9 Shields
 + Level 3.9 Evocations


You had 8 spell levels left.
You didn't know any spells.
Your spell library contained the following spells:

 Spells                   Type           Power      Damage    Failure   Level
 Sandblast                Erth           0%         2d4       99%         1
 Ensorcelled Hibernation  Hex/Ice        0%         N/A       99%         2
 Passwall                 Tmut/Erth      0%         N/A       99%         2
 Ignite Poison            Fire/Tmut/Pois 0%         N/A       100%        3
 Mephitic Cloud           Conj/Pois/Air  0%         N/A       100%        3
 Spider Form              Tmut/Pois      0%         N/A       100%        3
 Stone Arrow              Conj/Erth      0%         3d7       100%        3
 Anguish                  Hex/Necr       0%         N/A       100%        4
 Freezing Cloud           Conj/Ice/Air   0%         6-21      100%        5


Dungeon Overview and Level Annotations

Branches:
Dungeon (8/15)             Temple (1/1) D:4         Ossuary (visited)
   Lair: D:8-11

Altars:
Ashenzari
Cheibriados
Dithmenos
Elyvilon
Fedhas
Gozag
Hepliaklqana
Kikubaaqudgha
Makhleb
Okawaru
Qazlal
Ru
Sif Muna
Trog
Uskayaw
Vehumet
Wu Jian
Xom
Yredelemnul
Zin

Shops:
D:7 :

Annotations:
D:3 2 transporters
D:8 Erica


Message History

The orc hits you with a +0 flail.
A red film seems to cover your vision as you go berserk!
You feel yourself moving faster!
You feel mighty! The orc hits you but does no damage. x2
Erica mumbles some strange words.
Erica flickers and vanishes!
Deactivating autopickup; reactivate with Ctrl-A.
The orc barely misses you.
Something unexpectedly blocked you, preventing you from rampaging!
You miss something. You hit the orc. Lightning courses through the orc!
You kill the orc!
Trog accepts your kill.
You hit the orc.
The orc looks as sick as possible!
You kill the orc!
Trog accepts your kill. Something hits you! Something burns you.
The orc barely misses you.
Something unexpectedly blocked you, preventing you from rampaging!
You miss something.
Something unexpectedly blocked you, preventing you from rampaging!
You closely miss something. Something hits you. Something burns you.
You block the orc's attack.
Something unexpectedly blocked you, preventing you from rampaging!
You slice something!!
You hear some strange, mumbled words.
A lance of force appears from out of thin air!
The lance of force hits you!!
* * * LOW HITPOINT WARNING * * *
You are knocked back by the lance of force.
You slam into the rock wall!
* * * LOW HITPOINT WARNING * * *
The orc hits you but does no damage.
Something unexpectedly blocked you, preventing you from rampaging!
You closely miss something.
You hear some strange, mumbled words.
A lance of force appears from out of thin air!
The lance of force hits you.
* * * LOW HITPOINT WARNING * * *
You are knocked back by the lance of force.
You slam into the rock wall!
You die...

.......
.........
.........
#.......##
.........#
.........#
......o..#
.......{<#
.!.....<@#
#.......##
##.....##
######


You could see an orc.

Vanquished Creatures
  A manticore (D:6)
  Grinder (D:3)
  Prince Ribbit (D:5)
  A wyvern (D:7)
  Eustachio (D:4)
  A hog (shapeshifter) (D:6)
  A water moccasin (D:6)
  Duvessa (D:7)
  A black bear (D:6)
  2 ogres (D:6)
  Blork the orc (D:5)
  A bullfrog (D:7)
  Dowan (D:7)
  2 centaur zombies (Ossuary)
  2 howler monkeys (D:6)
  A human zombie (Ossuary)
  3 jellies
  Crazy Yiuf (D:5)
  An orc priest (D:3)
  A gnoll bouda (D:4)
  2 iguanas (D:5)
  Jessica (D:3)
  Terence (D:2)
  6 orc wizards
  5 mummies (Ossuary)
  Robin (D:2)
  5 gnolls
  A river rat (D:4)
  7 adders
  A white imp (D:7)
  3 dart slugs
  19 orcs
  6 ball pythons
  5 endoplasms
  4 giant cockroaches
  A gnoll zombie (Ossuary)
  13 goblins
  8 hobgoblins
  2 jackals (D:1)
  6 kobolds
  4 quokkas
  2 bats
  A frilled lizard (D:3)
  A goblin zombie (Ossuary)
  2 hobgoblin zombies (Ossuary)
  An orc zombie (Ossuary)
  5 rats
138 creatures vanquished.

Vanquished Creatures (others)
  A goblin zombie (D:2)
  2 plants (D:2)
3 creatures vanquished.

Grand Total: 141 creatures vanquished

Notes
Turn   | Place    | Note
-------+----------+-------------------------------------------
     0 | D:1      | LabCoat the Hill Orc Fighter began the quest for the Orb.
     0 | D:1      | Reached XP level 1. HP: 19/19 MP: 1/1
   131 | D:1      | Reached skill level 4 in Fighting
   131 | D:1      | Reached XP level 2. HP: 17/27 MP: 2/2
   405 | D:1      | Reached XP level 3. HP: 32/33 MP: 3/3
   419 | D:1      | Identified a scroll of acquirement
   419 | D:1      | Acquired the +2 helmet "Volasapt" {Rampage +Blink Int-2}
  1027 | D:1      | Found a faded altar of an unknown god.
  1095 | D:2      | Identified the +0 dagger "Cyuruo" {protect, rF++ SInv}
  1359 | D:2      | Reached XP level 4. HP: 40/41 MP: 4/4
  1692 | D:2      | Noticed Robin
  1716 | D:2      | Killed Robin
  1829 | D:2      | Noticed Terence
  1843 | D:2      | HP: 2/41 [Terence/+4 trident of protection (9)]
  1845 | D:2      | Killed Terence
  2379 | D:3      | Found a glowing silver altar of Zin.
  2380 | D:3      | Found a broken altar of Ashenzari.
  2381 | D:3      | Found a hide-covered altar of Uskayaw.
  2385 | D:3      | Reached XP level 5. HP: 47/47 MP: 5/5
  2393 | D:3      | Noticed a water moccasin
  2396 | D:3      | Found a transporter.
  2397 | D:3      | Noticed a sky beast
  2405 | D:3      | Found a transporter.
  2426 | D:3      | Noticed Grinder
  2431 | D:3      | Paralysed by Grinder for 2 turns
  2440 | D:3      | Killed Grinder
  2441 | D:3      | Reached skill level 5 in Fighting
  2441 | D:3      | Reached skill level 1 in Throwing
  2441 | D:3      | Reached skill level 1 in Evocations
  2441 | D:3      | Reached XP level 6. HP: 44/56 MP: 6/6
  2730 | D:3      | Found a large runed translucent door.
  2730 | D:3      | Found a large runed translucent door.
  2799 | D:3      | Found a shadowy altar of Dithmenos.
  2805 | D:3      | Found a snail-covered altar of Cheibriados.
  2844 | D:3      | Noticed Jessica
  2849 | D:3      | Killed Jessica
  3347 | D:4      | Reached XP level 7. HP: 62/62 MP: 7/7
  3376 | D:4      | Found a staircase to the Ecumenical Temple.
  3385 | Temple   | Entered the Ecumenical Temple
  3391 | Temple   | Became a worshipper of Trog the Wrathful
  3530 | D:4      | Reached skill level 6 in Fighting
  3627 | D:4      | Reached skill level 5 in Axes
  3627 | D:4      | Reached skill level 5 in Armour
  3745 | D:4      | Noticed Eustachio
  3752 | D:4      | Killed Eustachio
  3922 | D:5      | Entered Level 5 of the Dungeon
  3969 | D:5      | Noticed Blork the orc
  3976 | D:5      | Killed Blork the orc
  4096 | D:5      | Reached * piety under Trog
  4097 | D:5      | Reached XP level 8. HP: 68/71 MP: 8/8
  4387 | D:5      | Noticed Prince Ribbit
  4414 | D:5      | Killed Prince Ribbit
  4415 | D:5      | Reached skill level 7 in Fighting
  4415 | D:5      | Reached skill level 5 in Shields
  4439 | D:5      | Found a runed translucent door.
  4440 | D:5      | Noticed Crazy Yiuf
  4446 | D:5      | Killed Crazy Yiuf
  4632 | D:6      | Reached skill level 1 in Dodging
  4759 | D:6      | Found a sand-covered staircase.
  4770 | Ossuary  | Entered an ossuary
  5497 | D:6      | Noticed a shapeshifter
  5497 | D:6      | a sky beast changed into a shapeshifter
  5497 | D:6      | a shapeshifter changed into a hog
  5504 | D:6      | Reached XP level 9. HP: 64/80 MP: 9/9
  5783 | D:6      | Noticed a manticore
  5789 | D:6      | Killed a manticore
  5790 | D:6      | Reached skill level 8 in Fighting
  5966 | D:6      | Identified the +5 scimitar "Gimin" {protect, rElec Will+}
  6287 | D:7      | Noticed Dowan
  6287 | D:7      | Noticed Duvessa
  6294 | D:7      | Killed Duvessa
  6302 | D:7      | Killed Dowan
  6302 | D:7      | Reached ** piety under Trog
  6609 | D:7      | Identified the ring of Kotesuczaf {rF+ Str-4 Dex+5 SInv}
  6665 | D:7      | Found Pianito's Book Boutique.
  6893 | D:8      | Noticed Erica
  6918 | D:8      | Collided with a rock wall

Illustrated notes

Levels and vault maps discovered:
D:1:      grunt_arrival_crossed_arrows, layout_basic,
          nicolae_ecumenical_lake_church
D:2:      layout_basic, serial_bayou_ford_a, minmay_tromino_v4_c, uniq_robin,
          uniq_terence
D:3:      layout_rooms, jmf_multi_god_temple2, gammafunk_temple_overflow_arena,
          nicolae_elevator_lobby_asterisk, uniq_jessica, uniq_grinder
D:4:      layout_gridville, minmay_temple_entry_large_hall, serial_glass,
          glass_columns_a, glass_columns_a, minmay_strange_pillars,
          feat_on_display, feat_on_display, grunt_decor_resistance,
          fountainhead, uniq_eustachio
D:5:      layout_rooms, minmay_stone_trees_medium, uniq_crazy_yiuf_cottage,
          uniq_blork_the_orc, uniq_prince_ribbit1
D:6:      layout_basic, nicolae_ossuary_entry_plus, kb_rosetta
D:7:      layout_gridville, serial_shops, kennysheep_mini_moat,
          hangedman_decor_points, palyth_stone_intersect, uniq_duvessa
D:8:      layout_rooms, nemelex_altar_shiori, enter_bailey_5, uniq_joseph,
          uniq_erica, uniq_amaemon, uniq_maurice, uniq_maggie, uniq_psyche
Temple:   hellmonk_temple_two_chambers

Skill      XL: |  1  2  3  4  5  6  7  8  9 |
---------------+----------------------------+-----
Axes           | 3 4 5 6 |  6.8
Fighting       | 4 5 6 7 8 |  8.6
Throwing       | 1 2 3 |  3.5
Armour         | 4 5 6 7 |  7.4
Shields        | 4 5 |  5.9
Evocations     | 1 2 3 |  3.9
Dodging        | 1 2 |  2.3

Action                   |  1- 3 |  4- 6 |  7- 9 || total
-------------------------+-------+-------+-------++-------
Melee: War axe           |    69 |   108 |   266 ||   443
Throw: Boomerang         |       |     6 |       ||     6
       Dart              |       |     7 |    22 ||    29
Invok: Berserk           |       |       |     1 ||     1
Evoke: Wand              |       |       |     3 ||     3
  Use: Scroll            |     4 |     5 |     4 ||    13
       Potion            |       |     3 |       ||     3
 Stab: Paralysed         |       |     2 |       ||     2
       Confused          |       |       |     2 ||     2
Armor: Scale mail        |    35 |    32 |       ||    67
       Chain mail        |       |    30 |   140 ||   170
Dodge: Dodged            |    23 |    38 |    75 ||   136
Block: Buckler           |    16 |    24 |    42 ||    82
